 Dungeon Crawl Stone Soup version 0.19-a0-1238-gee6bd96 (webtiles) character file.

107 inmateoo the Skirmisher (level 4, -15/40 HPs)
             Began as a Draconian Fighter on Aug 26, 2016.
             Demolished by an ogre
             ... wielding a +0 giant spiked club
              (26 damage)
             ... on level 3 of the Dungeon.
             The game lasted 00:01:36 (1757 turns).

inmateoo the Skirmisher (Draconian Fighter)         Turns: 1757, Time: 00:01:37

Health: -15/40     AC:  5    Str: 19    XL:     4   Next: 56%
Magic:  4/4        EV: 10    Int:  8    God:
Gold:   115        SH:  9    Dex: 11    Spells: 0 memorised, 3 levels left

rFire  . . .     SeeInvis .     a - +0 flail
rCold  . . .     Gourm    .     (armour unavailable)
rNeg   . . .     Faith    .     b - +0 shield
rPois  .         Spirit   .     (helmet restricted)
rElec  .         Dismiss  .     (no cloak)
rCorr  .         Reflect  .     (no gloves)
MR     .....     Harm     .     (no boots)
Stlth  +.........               (no amulet)
                                (no ring)
                                (no ring)

@: no status effects
A: unfitting armour, cold-blooded, AC +5
a: no special abilities


You were on level 3 of the Dungeon.
You were not hungry.

You visited 1 branch of the dungeon, and saw 3 of its levels.

You collected 115 gold pieces.

Inventory:

Hand Weapons
 a - a +0 flail (weapon)
Armour
 b - a +0 shield (worn)
Scrolls
 g - 2 scrolls of identify {unknown}
 h - a scroll of teleportation {unknown}
 j - a scroll of recharging {unknown}
 k - a scroll of remove curse {unknown}
 n - a scroll of blinking {unknown}
 q - a scroll of magic mapping {unknown}
Potions
 c - a potion of might
 e - a potion of flight {unknown}
 f - a potion of curing {unknown}
 o - a potion of degeneration {unknown}
Comestibles
 d - 2 bread rations
 i - a slice of pizza
 l - 2 meat rations
 m - a beef jerky
 p - a chunk of flesh


   Skills:
 + Level 4.0 Fighting
 * Level 3.5 Maces & Flails
 + Level 3.1 Dodging
 + Level 3.4 Shields


You had 3 spell levels left.
You didn't know any spells.

Dungeon Overview and Level Annotations

Branches:
Dungeon (3/15)

Altars:


Innate Abilities, Weirdness & Mutations

Your plain brown scales are hard. (AC +5)
Your body does not fit into most forms of armour.
You are cold-blooded and may be slowed by cold attacks.


Message History

You are too injured to fight recklessly!
You are too injured to fight recklessly!
You are too injured to fight recklessly!
You are too injured to fight recklessly!
You are too injured to fight recklessly!
You are too injured to fight recklessly!
You are too injured to fight recklessly!
You are too injured to fight recklessly!
You are too injured to fight recklessly!
You are too injured to fight recklessly!
You are too injured to fight recklessly!
You are too injured to fight recklessly!
You are too injured to fight recklessly!
Unknown command.
A worm comes into view.
You see here an adder corpse.
There is an escape hatch in the floor here.
The ogre hits you with a giant spiked club!!
Ouch! That really hurt!
You die...

###.###.#....###.###....###
....###.#......#.#......#
#....######.#.#.######
###...#####.....#
#.#.....#.....#
#...#..##.....# #
#####..##.....# ..#
#...###+### .. #@......#
#.#####O..##### #.........#
####.###..#####
(######>..........#
........###.......#
.#####..# ##.###..# #.†# .#
.# #..# .### #


You could see an ogre.

Vanquished Creatures
  Ijyb (D:2)
  A gnoll (D:1)
  3 adders
  A worm (D:2)
  2 giant geckos
  A giant cockroach (D:2)
  6 goblins
  7 hobgoblins
  A quokka (D:2)
  7 bats
  3 giant newts
  4 kobolds
  6 rats
43 creatures vanquished.

Notes
Turn   | Place    | Note
-------+----------+-------------------------------------------
     0 | D:1      | inmateoo the Draconian Fighter began the quest for the Orb.
     0 | D:1      | Reached XP level 1. HP: 19/19 MP: 1/1
   415 | D:1      | Reached XP level 2. HP: 21/26 MP: 2/2
   842 | D:1      | Reached XP level 3. HP: 31/33 MP: 3/3
  1255 | D:2      | Noticed Ijyb
  1264 | D:2      | Killed Ijyb
  1285 | D:2      | Reached XP level 4. HP: 37/40 MP: 4/4
  1424 | D:2      | Reached skill level 4 in Fighting
  1728 | D:3      | Noticed an ogre
  1757 | D:3      | Demolished by an ogre

Vault maps used:
D:1:      dpeg_arrival_long_road
D:2:      grunt_decor_fettered, minmay_statues_item, serial_bayou_pond_e,
          uniq_iyjb
D:3:      makhleb_heckhound_becter, corexii_hall_statues_x,
          kennysheep_minor_cross, kennysheep_nondescript

Skill      XL: |  1  2  3  4 |
---------------+-------------+-----
Maces & Flails | 3 |  3.5
Dodging        | 3 |  3.1
Fighting       | 4 |  4.0
Shields        | |  3.4

Action                   |  1- 3 |  4- 6 || total
-------------------------+-------+-------++-------
Melee: Flail             |   111 |    58 ||   169
       Tailslap          |     5 |     7 ||    12
 Stab: Sleeping          |     1 |     1 ||     2
  Eat: Chunk             |     1 |     2 ||     3
Armor: Skin              |    28 |    17 ||    45
Dodge: Dodged            |    43 |    32 ||    75
Block: Shield            |    66 |    33 ||    99
